[Event "New York Spring GM-A 2022"]
[Site "New York"]
[Date "2022.04.16"]
[Round "3.1"]
[White "Korley, Kassa"]
[Black "Belous, Vladimir"]
[Result "1/2-1/2"]
[ECO "E63"]
[WhiteElo "2399"]
[BlackElo "2516"]
[Annotator "TA"]
[PlyCount "67"]
[EventDate "2022.04.14"]
[EventType "tourn"]
[EventCountry "USA"]
[SourceTitle "playchess.com"]
[Source "ChessBase"]
[SourceQuality "1"]
[TimeControl "5400+30"]

1. d4 Nf6 2. c4 g6 3. g3 Bg7 4. Bg2 O-O 5. Nc3 d6 6. Nf3 Nc6 7. O-O a6 8. Bf4 {[%emt 0:01:55] 8.b3 is becoming the main line.} Rb8 {[%emt 0:01:51] E63: King's Indian: Fianchetto: Panno Variation with 7...a6.} 9. Rc1 Bd7 10. c5 dxc5 {[%emt 0:05:41] [#]} 11. d5 $146 ({Predecessor:} 11. dxc5 Nh5 12. Be3 Nf6 13. Rc2 Qc8 14. Nd4 Nxd4 15. Bxd4 Bh3 16. Rd2 Bxg2 17. Kxg2 {1-0 (43) Tarjan,J (2478)-Wang,J (2364) Las Vegas 2015}) 11... Na5 12. Na4 b6 13. b4 Nc4 (13... cxb4 14. Bxc7 Bxa4 15. Qxa4 $16) 14. Rxc4 ({White should play} 14. Nxc5 $11 Nb2 15. Qc2 bxc5 16. Qxb2) 14... Bxa4 $15 15. Qxa4 b5 $36 {[%emt 0:00:04][%mdl 2048] Black has good play.} 16. Qa5 (16. Bxc7 $2 Qxc7 17. Rxc5 Qxc5 $3 18. bxc5 bxa4 $19) 16... bxc4 17. Ne5 (17. Bxc7 $15 Qxd5 18. Bxb8 Rxb8 19. bxc5) 17... cxb4 $17 (17... Nxd5 $6 18. Nc6 Rb5 19. Qxa6 $11) 18. Nc6 Qd7 19. Qxa6 c3 (19... Nxd5 $2 20. Bxd5 c3 21. Nxb8 Rxb8 22. Rd1 $18) 20. Qc4 Rb6 21. Be3 {[%emt 0:00:19] [#]} e6 (21... Rxc6 $1 $17 22. dxc6 Qg4) 22. dxe6 $11 Qxe6 23. Qxe6 fxe6 24. Bxb6 cxb6 25. Nxb4 Rd8 26. Rc1 Nd5 27. Rd1 Bf8 28. Nc2 {[%emt 0:01:33] Strongly threatening e4.} Ra8 29. a3 {[%emt 0:01:45] Hoping for Rxd5.} ({Of course not} 29. Rxd5 Rxa2 30. Be4 {[#]} Rxc2 $1 31. Bxc2 exd5 $17) 29... Rxa3 (29... Ra5 $11 {keeps the balance.}) 30. Nxa3 $16 ({Don't blunder} 30. Bxd5 $2 exd5 31. Rd3 (31. Nxa3 $2 Bxa3 32. Kf1 c2 $19) 31... d4 $19) 30... Bxa3 31. Be4 b5 32. Rxd5 (32. Bc2 $16) 32... exd5 $11 33. Bxd5+ Kf8 {[%emt 0:00:07] ...c2 is the strong threat.} 34. Bb3 {[%emt 0:00:03] Weighted Error Value: White=0.18 (very precise) /Black=0.15 (very precise)} 1/2-1/2

[Event "New York Spring GM-A 2022"]
[Site "New York"]
[Date "2022.04.16"]
[Round "3.2"]
[White "Song, Edward"]
[Black "Barbosa, Oliver"]
[Result "1/2-1/2"]
[ECO "D16"]
[WhiteElo "2383"]
[BlackElo "2505"]
[Annotator "TA"]
[PlyCount "118"]
[EventDate "2022.04.14"]
[EventType "tourn"]
[EventCountry "USA"]
[SourceTitle "playchess.com"]
[Source "ChessBase"]
[SourceQuality "1"]
[TimeControl "5400+30"]

1. d4 d5 2. c4 c6 3. Nf3 Nf6 4. Nc3 dxc4 5. a4 e6 6. e3 c5 7. Bxc4 Nc6 {[%emt 0:00:06] 7...cxd4 is the modern continuation.} 8. O-O cxd4 9. exd4 Be7 {[%emt 0:00:09] D16: Slav Defence: 5 a4: Lines with 5...Bg4 and 5...Na6.} 10. Qe2 O-O ({But not} 10... Nxd4 11. Nxd4 Qxd4 12. Nb5 $16) 11. Rd1 Nb4 {[%emt 0:00:06] Against d5} 12. Bg5 Nfd5 13. Nxd5 Nxd5 14. Bxd5 {[%emt 0:00:22] [#] Threatens to win with Bxe7.} Bxg5 15. Be4 Bf6 16. Ne5 a5 {[%emt 0:09:51] [#]} 17. Bd3 $146 ({Predecessor:} 17. Ra3 g6 18. h4 Bxh4 19. d5 Qd6 20. Bf3 Bf6 21. Ng4 Bg7 22. dxe6 Qxe6 23. Ne3 Qe5 24. Rb3 Be6 25. Rb5 Qf4 26. Bxb7 Rab8 27. b3 Qc7 {½-½ (27) Ovod,E (2290)-Dokutchaev,A (2443) Novgorod 1999}) 17... g6 (17... Bd7 $11) 18. Bb5 Qe7 19. Rac1 Rd8 20. Qf3 Rd5 21. g3 (21. Rd3 $14) 21... Bxe5 $11 22. dxe5 Rxe5 23. Bf1 {[%emt 0:22:59] Strongly threatening Bh3.} Rd5 $1 24. Rxd5 exd5 25. Qxd5 Be6 26. Qb5 Qd6 27. h4 h5 28. Qxb7 Rb8 29. Qa7 Rxb2 30. Qxa5 Ra2 31. Qa7 Qd2 32. Rb1 Kg7 33. Qc5 Kh7 {[%emt 0:00:46] [#]} (33... Kh6 $11 {keeps the balance.}) 34. Bg2 (34. Rb8 $1 $16) 34... Rxa4 {[%emt 0:00:35] The position is equal.} 35. Qe5 {[%emt 0:00:25] Rb8 is the strong threat.} Ra5 36. Qe1 Qa2 37. Rb2 Qa1 38. Qxa1 Rxa1+ {[%emt 0:00:02][%mdl 4096] Endgame KRB-KRB} 39. Kh2 Kg7 40. Bf3 Kf6 41. Kg2 Rc1 42. Rd2 Ke5 43. Re2+ Kd6 44. Rd2+ Kc5 45. Be4 Re1 46. Bf3 Bc4 47. Rd1 Rxd1 48. Bxd1 {[%emt 0:00:02] KB-KB} Kd4 49. Kg1 Bd5 50. Be2 Kc3 51. Bb5 $1 Kd2 52. Be8 Ke1 53. Bb5 Kd2 54. Be8 Kd3 55. Bb5+ Ke4 56. Bf1 Kd4 57. Bb5 Ke4 58. Bf1 Kd4 59. Bb5 Ke4 {[%emt 0:03:20] Weighted Error Value: White=0.06 (flawless) /Black=0.06 (flawless)} 1/2-1/2

[Event "New York Spring GM-A 2022"]
[Site "New York"]
[Date "2022.04.16"]
[Round "3.3"]
[White "Ostrovskiy, Aleksandr"]
[Black "Kaliksteyn, Alexander"]
[Result "1-0"]
[ECO "B48"]
[WhiteElo "2409"]
[BlackElo "2379"]
[Annotator "TA"]
[PlyCount "47"]
[EventDate "2022.04.14"]
[EventType "tourn"]
[EventCountry "USA"]
[SourceTitle "playchess.com"]
[Source "ChessBase"]
[SourceQuality "1"]
[TimeControl "5400+30"]

1. e4 c5 2. Nf3 e6 3. d4 cxd4 4. Nxd4 Nc6 5. Nc3 Qc7 6. Be3 a6 7. a3 {[%emt 0:00:44] 7.g4 gains popularity.} b5 8. Nxc6 Qxc6 {[%emt 0:00:06] B48: Sicilian: Taimanov: 5 Nc3 Qc7 6 Be3 a6 without Be2.} 9. Bd3 Bb7 10. Qd2 Bc5 {[%emt 0:48:21] [#] White has an edge.} 11. O-O-O $146 {[%emt 0:10:46] Threatens to win with Bxc5.} ({Predecessor:} 11. Bxc5 Qxc5 12. b4 Qd4 13. Be2 Qxd2+ 14. Kxd2 Nf6 15. f3 d5 16. exd5 O-O-O 17. a4 Nxd5 18. Nxd5 Rxd5+ {½-½ (42) Berkes,F (2680)-Medvegy,Z (2527) Budapest 2021}) 11... Nf6 12. Rhe1 {[%emt 0:07:26] [#] Hoping for Bxc5.} d6 13. Bxc5 Qxc5 14. f4 {[%emt 0:01:11] Black should prevent e5.} (14. Be2 {is interesting.} Ke7 15. f3 Rhd8 16. g4) 14... O-O-O 15. Qe2 Kb8 16. Kb1 h5 17. g3 Nd7 18. Rd2 h4 19. Red1 hxg3 20. hxg3 g6 21. Bxb5 axb5 22. Rxd6 Kc8 (22... Bc6 $11) 23. Nxb5 $16 Nf6 $2 {[%emt 0:00:08][%mdl 8192] [#]} (23... Nb6 $16) 24. b4 {[%emt 0:02:06] Weighted Error Value: White=0.12 (very precise) /Black=0.20 (precise)} 1-0

[Event "New York Spring GM-A 2022"]
[Site "New York"]
[Date "2022.04.16"]
[Round "3.4"]
[White "Wang, Kevin"]
[Black "Guo, Arthur"]
[Result "0-1"]
[ECO "D38"]
[WhiteElo "2389"]
[BlackElo "2412"]
[Annotator "TA"]
[PlyCount "154"]
[EventDate "2022.04.14"]
[EventType "tourn"]
[EventCountry "USA"]
[SourceTitle "playchess.com"]
[Source "ChessBase"]
[SourceQuality "1"]
[TimeControl "5400+30"]

1. d4 Nf6 2. c4 e6 3. Nc3 d5 4. Nf3 Bb4 5. Qa4+ Nc6 6. a3 Bxc3+ 7. bxc3 Bd7 8. cxd5 {[%emt 0:01:06] 8.cxd5 scores better than 8.Qc2. D38: Queen's Gambit Declined: Ragozin Defence (4 Nf3 Bb4).} exd5 9. Qc2 O-O 10. Bg5 {[%emt 0:01:18] The position is equal.} h6 11. Bh4 Qe7 12. e3 Bg4 {[%emt 0:05:47] [#]} 13. Bd3 $146 ({Predecessor:} 13. Be2 Nd8 14. O-O Re8 15. c4 c6 16. cxd5 cxd5 17. Rfc1 Rc8 18. Qa4 Rxc1+ 19. Rxc1 {1-0 (35) Kuhn,T (2260)-Gantner,M Winterthur 2003}) 13... Qe6 14. O-O Bxf3 15. gxf3 Ne7 16. c4 Rac8 17. cxd5 Nfxd5 18. Bg3 c6 (18... Qf6 $11 {keeps the balance.}) 19. Rab1 b6 20. Rfe1 (20. e4 $16 Nf6 21. Bc4) 20... Nf6 (20... Qf6 $11) 21. e4 Nh5 22. Rbd1 Qf6 {[%emt 0:08:49][%csl LRd4,LRf3] Prevents f4.} 23. Be2 Nf4 24. Bf1 Ne6 25. Be5 Qxf3 (25... Qg5+ $11 {and Black is okay.} 26. Bg3 Rcd8) 26. Re3 $1 $18 Qh5 {[%emt 0:10:22] [#]} 27. Rh3 $1 {[%emt 0:01:18][%mdl 1024] White has strong compensation.} Qg6+ (27... Qg4+ $16 {keeps fighting.} 28. Rg3 Qh4) 28. Rg3 Qh7 29. Bh3 {[%emt 0:01:17] This bishop pair is nice.} (29. f4 $142) 29... Ng6 $2 {[%emt 0:01:30] [#]} (29... g5 30. f4 Ng6) 30. Bf5 $1 Rfe8 31. Qb3 Nef8 32. Bxc8 $2 (32. Bd6) 32... Rxc8 33. Bd6 Ne6 (33... Rd8 $16 {might work better.}) 34. Qe3 $2 (34. Qc2 $18) 34... Rd8 $11 35. e5 (35. Bb4 $11 {remains equal.}) 35... Ngf4 36. Re1 Qf5 37. Kh1 $1 Rc8 38. Qe4 Qh5 39. Qf3 Qxf3+ 40. Rxf3 g5 41. Rd1 Kg7 42. Rd2 (42. a4 $5 ) 42... Nd5 43. Kg1 (43. Rb3 $11) 43... Kg6 44. Kf1 Nef4 (44... h5 $15 {feels stronger.}) 45. Rc2 Kf5 46. e6 (46. Rb3 $11) 46... fxe6 ({Better is} 46... Kxe6 $15 47. Bxf4 Nxf4) 47. Bxf4 Nxf4 $15 {[%emt 0:00:04][%mdl 4096] Endgame KRR-KRN} 48. Re3 Rd8 49. Re5+ Kg4 50. Re4 Rd6 $1 51. Rc3 Kf5 52. f3 h5 53. Kf2 h4 54. Rc4 Kf6 55. Ke3 c5 56. Rc2 Rd5 57. a4 (57. dxc5 $11 Rd3+ 58. Kf2) 57... Ke7 (57... a6 $15) 58. Rd2 Kf6 (58... a6 $5 ) 59. Rc2 h3 60. Rd2 cxd4+ 61. Rdxd4 Rc5 62. Rc4 {[%emt 0:00:01] Against Rc3+. Rxc5 is the strong threat.} Rd5 {[%emt 0:00:18] Strongly threatening ...Rd3+.} 63. Red4 {[%emt 0:00:16] Against Rd3+. Hoping for Rxd5.} Re5+ 64. Re4 Ra5 65. Rc8 Rd5 {[%emt 0:00:18] White must now prevent ...Rd3+.} 66. Rf8+ Ke7 67. Rh8 (67. Rfxf4 $15 gxf4+ 68. Kxf4) 67... Rd3+ $19 68. Kf2 Rd2+ 69. Kg1 Rd1+ 70. Kf2 Rd2+ ({Black should play} 70... Rc1 $17 {Threatens to win with ...Rc2+.} 71. Rxf4 gxf4 72. Rxh3 a6 73. Rh7+ Kf6 74. Rh6+ Ke5) 71. Ke3 $2 (71. Kg1 $11) 71... Rxh2 72. Rh7+ Kf6 73. Kd4 $2 (73. Rxf4+ gxf4+ 74. Kxf4) 73... Kg6 {[%emt 0:01:14] Black is clearly winning.} 74. Rh8 Kg7 75. Ra8 Rd2+ 76. Kc4 Rd1 {[%emt 0:01:09] And now ...h2 would win.} 77. Rxa7+ Kg6 {[%emt 0:00:00] What a bad dream for White.  Weighted Error Value: White=0.26 (precise) /Black=0.34} 0-1

[Event "New York Spring GM-A 2022"]
[Site "New York"]
[Date "2022.04.16"]
[Round "3.5"]
[White "Nagy, Gabor"]
[Black "Liang, Jason"]
[Result "1/2-1/2"]
[ECO "E14"]
[WhiteElo "2530"]
[BlackElo "2419"]
[Annotator "TA"]
[PlyCount "90"]
[EventDate "2022.04.14"]
[EventType "tourn"]
[EventCountry "USA"]
[SourceTitle "playchess.com"]
[Source "ChessBase"]
[SourceQuality "1"]
[TimeControl "5400+30"]

1. c4 e6 2. Nf3 d5 3. e3 Nf6 4. Nc3 b6 5. d4 Bb7 6. cxd5 exd5 7. Bb5+ $1 {[%emt 0:00:22] 7.Bb5+ is better than 7.Bd3.} c6 8. Bd3 Nbd7 {[%emt 0:00:52] E14: Queen's Indian: Classical Variation (4 e3).} 9. O-O (9. Ne5 {is interesting.} Bb4 10. O-O O-O 11. Bd2) 9... Bd6 10. e4 dxe4 11. Nxe4 Nxe4 12. Bxe4 O-O 13. Bg5 Nf6 14. Bc2 h6 15. Bh4 c5 16. Qd3 g5 {[%emt 0:09:38] [#]} (16... c4 $1 $11 {remains equal.} 17. Qd2 (17. Qxc4 Rc8 $11) 17... b5) 17. Nxg5 $1 $16 hxg5 18. Bxg5 Re8 (18... Be4 $142 19. Qxe4 Nxe4 20. Bxd8 Nd2) 19. Rae1 (19. Qh3 $1 $16) 19... Rxe1 (19... Bxh2+ $5 20. Kxh2 Ng4+ 21. Kg3 Qxg5 22. Qh7+ Kf8 23. Qh8+ Qg8 24. Qxg8+ Kxg8 25. Kxg4 cxd4 $11) 20. Rxe1 {[%emt 0:01:46] [#] Qh3 is the strong threat.} Bc7 $146 {[%emt 0:10:49][%cal Od8d5] White must now prevent ...Qd5!} ({Predecessor:} 20... cxd4 21. Qf5 Be7 22. Bb3 Kg7 23. Qh3 Kg8 24. Qf5 Kg7 25. Qh3 Kg8 26. Qh6 Bd5 27. Bxf6 Bxf6 28. Bxd5 Qxd5 29. Qxf6 Rc8 30. h3 d3 31. Re5 Rc1+ 32. Kh2 {1-0 (32) Gaprindashvili,V (2471)-Mchedlishvili,M (2550) Kocaeli 2002}) 21. f4 (21. Bb3 $5 Kg7 22. Qh3 $11) 21... Qd5 22. Qg3 Nh5 23. Qg4 {[%emt 0:00:12] Active counter play!} Qxd4+ 24. Kh1 Ng7 (24... Qd2 25. Bf6+ Kf8 26. Be7+ Ke8 27. Ba4+ b5 28. Bxb5+) (24... Qg7 $1 $11 25. Qxh5 Bxf4) 25. Qh3 {[%emt 0:00:44] White wants to mate with Qh7+.} f5 (25... f6 $2 26. Qh7+ Kf8 27. Bh6 $18) 26. Bf6 $2 {[%emt 0:02:03] Dancing on a razor blade.} Qxf4 $17 ({Don't play} 26... Qxf6 27. Bb3+ Qf7 28. Bxf7+ Kxf7 29. Qb3+ Kf8 30. Qc3 $16) 27. Bxg7 {[%emt 0:04:29][%mdl 64] Remove Defender} Kxg7 28. Qc3+ $1 Qd4 $1 29. Re7+ Kf6 $1 30. Qxd4+ cxd4 31. Rxc7 $15 {[%emt 0:00:05][%mdl 4096] Endgame KRB-KRB} Be4 {[%emt 0:00:44] Hoping for ...Rg8.} 32. Bb3 {[%emt 0:00:15] Inhibits Rg8.} a5 {[%emt 0:04:00] aiming for ...a4.} 33. a4 $2 {[%emt 0:04:29][%mdl 8192] [#]} (33. Kg1 $1 $11) 33... d3 $2 (33... b5 $1 $19 {[%cal Rb5a4] And now ...bxa4 would win.} 34. axb5 a4) 34. Kg1 $1 Rd8 (34... b5 $5 35. axb5 a4 $17) 35. Kf2 d2 36. Bd1 {[%emt 0:00:14] The position is equal.} f4 37. g3 fxg3+ 38. hxg3 Rd3 39. Rc3 Rd6 40. Ke3 Bf5 41. g4 Bg6 42. Kf4 Rd4+ 43. Ke3 Rd6 44. Kf4 Rd4+ 45. Ke3 Rd6 {[%emt 0:00:19] Weighted Error Value: White=0.25 (precise) /Black=0.20 (precise)} 1/2-1/2

[Event "New York Spring GM-A 2022"]
[Site "New York"]
[Date "2022.04.16"]
[Round "4.1"]
[White "Belous, Vladimir"]
[Black "Liang, Jason"]
[Result "1-0"]
[ECO "A13"]
[WhiteElo "2516"]
[BlackElo "2419"]
[Annotator "TA"]
[PlyCount "109"]
[EventDate "2022.04.14"]
[EventType "tourn"]
[EventCountry "USA"]
[SourceTitle "playchess.com"]
[Source "ChessBase"]
[SourceQuality "1"]
[TimeControl "5400+30"]

1. c4 e6 2. Nf3 d5 3. g3 dxc4 4. Qa4+ Nd7 5. Qxc4 a6 6. Bg2 b5 7. Qc6 {[%emt 0:00:42] A13: English Opening: 1...e6.} Rb8 8. Qc2 Bb7 9. O-O {[%emt 0:00:07] The position is equal.} c5 10. a4 Ngf6 11. d3 Be7 12. Bf4 Rc8 13. axb5 axb5 14. Na3 Qb6 15. Qb3 Bc6 16. Ne5 Bxg2 17. Kxg2 g5 $1 18. Nxd7 Nxd7 19. Be3 Rb8 {[%emt 0:00:35] [#]} 20. Kg1 $146 ({Predecessor:} 20. f4 Qc6+ 21. Kg1 g4 22. f5 e5 23. Nb1 h5 24. Nc3 Nf6 25. Ra7 h4 26. gxh4 {1-0 (40) Gretarsson,H (2450)-Kuijf,M (2470) Wijk aan Zee 1996}) 20... f5 21. Nc2 Rg8 22. f3 f4 23. Bf2 g4 24. Nb4 $2 fxg3 $1 $19 25. hxg3 gxf3 (25... Qd6 $142 $1 {aiming for ...gxf3.} 26. Ra6 Rb6 27. Ra8+ Bd8) 26. Ra6 $17 {[%emt 0:03:12] [#]} ({Wrong is} 26. exf3 $2 Qd6 27. Ra6 Nb6 $19) 26... c4 (26... fxe2 $1 $17 27. Re1 Qc7 28. Rxe2 cxb4 29. Raxe6 Rg7) 27. Rxb6 $11 (27. Bxb6 $2 {perishes.} cxb3 28. Ba5 fxe2 $19) 27... cxb3 28. Rxe6 {[%emt 0:00:06] Nc6 is the strong threat.} Kf7 $1 29. Rxe7+ Kxe7 30. Nc6+ Kd6 31. Nxb8 fxe2 32. Re1 Rxb8 33. Rxe2 {[%emt 0:00:06][%mdl 4096] Endgame KRB-KRN} Rc8 34. Bd4 Rc2 35. Kf2 Kd5 36. Bg7 Nc5 37. Ke3 b4 38. Bf8 Na4 39. Bg7 Ke6 40. g4 Kf7 41. Be5 Kg6 42. Re1 Kg5 43. Rh1 Nxb2 44. Rb1 Na4 {[%emt 0:01:24] Strongly threatening ...b2.} 45. Rxb3 Nc3 46. Bd6 Nd1+ 47. Kf3 Rc3 48. Bf4+ Kg6 49. Rxb4 {[%emt 0:00:04] Black must now prevent Ke2.} Rxd3+ 50. Ke2 Rd5 51. Rb6+ Kf7 52. Rb3 {[%emt 0:00:07] Hoping for Bd2.} Kg6 53. Bc1 Kf7 $2 {[%emt 0:01:37][%mdl 8192] [#]} (53... h5 $11 {and Black stays safe.}) 54. Bd2 $1 $18 Rf5 $2 (54... Rd4 55. g5 (55. Kxd1 Rxg4 56. Be3 Rg2 $11) 55... Rd7 56. Kxd1 Kg6 57. Rb6+ Kf5) 55. gxf5 {[%emt 0:00:12] Quite a comeback for White.  Weighted Error Value: White=0.09 (flawless) /Black=0.24 (precise)} 1-0

[Event "New York Spring GM-A 2022"]
[Site "New York"]
[Date "2022.04.16"]
[Round "4.2"]
[White "Guo, Arthur"]
[Black "Nagy, Gabor"]
[Result "0-1"]
[ECO "B08"]
[WhiteElo "2412"]
[BlackElo "2530"]
[Annotator "TA"]
[PlyCount "94"]
[EventDate "2022.04.14"]
[EventType "tourn"]
[EventCountry "USA"]
[SourceTitle "playchess.com"]
[Source "ChessBase"]
[SourceQuality "1"]
[TimeControl "5400+30"]

1. e4 g6 2. d4 Bg7 3. Nc3 d6 4. Nf3 Nf6 5. Be2 O-O 6. O-O e6 7. Re1 {[%emt 0:09:12] B08: Pirc Defence: Classical System.} Nc6 8. Bf4 a6 9. a4 {[%emt 0:04:10] White is slightly better.} b6 10. Qd2 Bb7 11. Bg5 e5 12. dxe5 dxe5 13. Qxd8 {[%emt 0:05:35] [#]} (13. Rad1 {feels hotter.} Qxd2 14. Rxd2 Rac8 15. Bxf6 Bxf6 16. Nd5) 13... Raxd8 $146 ({Predecessor:} 13... Nxd8 14. Bc4 h6 15. Bh4 Re8 16. Rad1 Rc8 17. Nd5 g5 18. Nxf6+ Bxf6 19. Bg3 Kg7 {½-½ (43) Sileika,A (2009)-Salnaitis,A (2254) ICCF email 2019}) 14. Nd5 {[%emt 0:14:26] Prevents Nb4.} Nxd5 15. Bxd8 Rxd8 16. exd5 Nb4 17. Bd3 (17. c4 Nc2 $17) 17... Nxd3 18. cxd3 Rxd5 19. Rac1 $36 {[%emt 0:11:05][%mdl 2048] White is pushing.} c5 20. b4 $1 h6 (20... cxb4 $2 21. Rc7 $18) 21. d4 ({White should try} 21. h3 $16) 21... exd4 $11 22. Re8+ Bf8 (22... Kh7 $11) 23. Rb8 $14 Bc6 (23... Rd7 $1 $14) 24. b5 $1 $16 (24. Rxb6 $6 Bxa4 25. Rxa6 (25. bxc5 Bxc5 26. Rxa6 Bb5 $11) 25... Bb5 $11) 24... axb5 25. Rxb6 Bd7 {[%emt 0:02:01] And now ...d3 would win.} 26. a5 $1 {[%emt 0:01:28] Threatens to win with a6.} (26. axb5 $6 d3 27. Nd2 Bd6 $11) 26... Rd6 (26... d3 $16 27. a6 d2) 27. Ne5 (27. Rxd6 $1 $18 Bxd6 28. a6) 27... Bc8 28. Rb8 (28. Rxc5 Rxb6 29. Rxc8 Re6 $11) (28. Rxb5 $16 Rd5 29. Nf3 (29. Rb8 Ba6 $14)) 28... Be6 $1 $11 29. Rxb5 (29. Rxc5 $2 d3 30. Rc6 (30. Rbxb5 $2 d2 $19) 30... Rd5 $19) (29. Ra1 $1 $14 d3 30. Nxd3 $1 (30. Rxb5 $2 c4 $19) (30. a6 $2 d2 $19) 30... Rxd3 31. a6) 29... d3 $1 30. Rb6 {[%emt 0:01:18] aiming for Rxd6.} (30. Rbxc5 $2 d2 31. Rd1 Bb3 $19) 30... Rd5 {[%emt 0:00:28][%mdl 1024] Black has compensation.} 31. Nc4 Rd4 32. Nb2 {[%emt 0:02:06] This move loses the game for White.} (32. Nd2 Ra4 33. a6 Bc8 $17) (32. Ne3 $15 Ra4 33. a6) 32... c4 $19 {[%emt 0:00:55] White must now prevent ...d2.} 33. Nd1 (33. Rc6 $142 Ba3 34. R1xc4 Bxc4 35. Nxc4 (35. Rc8+ $2 Kg7 $19)) 33... d2 34. Ra1 (34. Rcb1 $142 Bf5 35. f3 (35. Ra1 $2 Re4 $19)) 34... Re4 35. Ne3 Bc5 {[%emt 0:00:49] Hoping for ...c3.} 36. Rb5 Bxe3 (36... Rxe3 $142 37. fxe3 Bxe3+ 38. Kf1 c3) 37. fxe3 Rxe3 {[%emt 0:00:08][%mdl 4096] Endgame KRR-KRB} (37... c3 $142 {( -> ...c2)} 38. Rb8+ Kg7) 38. Kf2 {[%emt 0:00:09] [#]} Ra3 39. Rbb1 (39. Rd1 c3) 39... Rxa1 40. Rxa1 {[%emt 0:00:01] KR-KB} c3 ({But not} 40... Bg4 41. a6 Bf5 42. a7 $18) 41. Ke3 Bc4 (41... Bg4 $2 42. a6 Bd7 43. a7 $18 (43. Kd3 d1=Q+ 44. Rxd1 Bb5+ 45. Kxc3 Bxa6 $16)) 42. Rb1 Kg7 43. Ra1 f5 44. g3 g5 45. Rb1 Ba6 (45... f4+ $142 46. gxf4 gxf4+ 47. Kd4 {[#]} c2 $1 48. Rb7+ Kf6 49. Kc5 d1=Q $1 50. Kb6 Qd4+ 51. Kc7 c1=Q 52. Rb6+ Be6+ 53. Kb8 Qc8+ 54. Ka7 Qdd7+ 55. Rb7 Qdxb7#) 46. Rg1 Kf6 47. Rb1 Ke5 {[%emt 0:00:09] Weighted Error Value: White=1.00/Black=0.36} 0-1

[Event "New York Spring GM-A 2022"]
[Site "New York"]
[Date "2022.04.16"]
[Round "4.4"]
[White "Barbosa, Oliver"]
[Black "Ostrovskiy, Aleksandr"]
[Result "1/2-1/2"]
[WhiteElo "2505"]
[BlackElo "2409"]
[Annotator "TA"]
[PlyCount "34"]
[EventDate "2022.04.14"]
[EventType "tourn"]
[EventCountry "USA"]
[SourceTitle "playchess.com"]
[Source "ChessBase"]
[SourceQuality "1"]
[TimeControl "5400+30"]

1. Nf3 d5 2. g3 c5 3. Bg2 Nc6 4. d4 Nf6 5. O-O e6 6. c4 dxc4 7. dxc5 Qxd1 {[%emt 0:01:56] [#] Not much happened in this game. E04: Open Catalan: 5 Nf3.} {Predecessor:} 8. Rxd1 $146 Bxc5 9. Nbd2 b5 10. a4 Ba6 11. Ng5 Nd5 12. Nde4 Bb4 13. Nc3 Bxc3 14. bxc3 b4 15. Ne4 O-O 16. Nc5 Bc8 17. cxb4 Ncxb4 {½-½ (74) Keymer,V (2664)-Aronian,L (2772) chess24.com INT 2022} 1/2-1/2

[Event "New York Spring GM-A 2022"]
[Site "New York"]
[Date "2022.04.17"]
[Round "5.1"]
[White "Song, Edward"]
[Black "Belous, Vladimir"]
[Result "0-1"]
[ECO "B36"]
[WhiteElo "2383"]
[BlackElo "2516"]
[Annotator "TA"]
[PlyCount "58"]
[EventDate "2022.04.14"]
[EventType "tourn"]
[EventCountry "USA"]
[SourceTitle "playchess.com"]
[Source "ChessBase"]
[SourceQuality "1"]
[TimeControl "5400+30"]

1. e4 c5 2. Nf3 Nc6 3. d4 cxd4 4. Nxd4 g6 5. c4 Nf6 6. Nc3 d6 7. f3 Nxd4 8. Qxd4 Bg7 9. Be3 O-O 10. Qd2 Be6 11. Rc1 Qa5 12. b3 Rfc8 13. Be2 a6 14. Na4 Qxd2+ 15. Kxd2 Nd7 16. g4 Rcb8 {[%emt 0:00:03] B36: Sicilian: Maroczy Bind: Gurgenidze System.} 17. Nc3 {[%emt 0:04:52] Inhibits b5.} b5 18. Nd5 Bxd5 {[%emt 0:00:02] White is slightly better.} 19. cxd5 Nc5 20. b4 Na4 {[%emt 0:01:33] [#]} 21. Rc2 $146 ({Predecessor:} 21. Rc7 a5 22. bxa5 Rxa5 23. Rhc1 Nc5 24. Rc2 Rba8 25. Rxe7 Rxa2 26. Bxb5 Nb3+ 27. Kd3 Rxc2 28. Kxc2 {½-½ (46) Areshchenko,A (2675)-Miton,K (2589) Germany 2021}) 21... a5 22. a3 Bb2 $1 23. Rb1 Bxa3 24. bxa5 Rxa5 25. Ra2 Nc5 {[%emt 0:00:40][%cal Oa3c1] Threatens to win with ...Bc1+!} 26. Bxc5 $2 {[%emt 0:02:03][%mdl 8192] [#]} (26. Kd1 $11 {and White stays safe.}) 26... Bc1+ $1 $19 {[%emt 0:00:41][%mdl 576] Discovered Attack. Black is clearly winning.} 27. Kxc1 (27. Rxc1 Rxa2+) 27... Rxa2 28. Bc4 Rxh2 {[%emt 0:00:34] Hoping for ...Rh1+.} 29. Bg1 Rg2 {[%emt 0:00:11] White did not feel at home in the position after the opening.  Weighted Error Value: White=0.75/Black=0.00 (flawless)} 0-1